 Dungeon Crawl Stone Soup version 0.32-a0-411-g744942f (webtiles) character file.

Game seed: 14818528551185879173

798 Nithhogg the Trooper (level 7, -6/61 HPs)
             Began as a Mountain Dwarf Fighter on Feb 20, 2024.
             Was an Initiate of Qazlal.
             Mangled by Duvessa
             ... wielding a +0 short sword
              (7 damage)
             ... on level 6 of the Dungeon.
             The game lasted 00:07:43 (5156 turns).

Nithhogg the Trooper (Mountain Dwarf Fighter)       Turns: 5156, Time: 00:07:44

Health: -6/61      AC:  0    Str: 27    XL:     7   Next: 58%
Magic:  10/10      EV: 10    Int:  9    God:    Qazlal [......]
Gold:   371        SH:  4    Dex:  7    Spells: 6/6 levels left

rFire   + . .        k - +2 whip (venom)
rCold   . . .        c - +0 buckler
rNeg    . . .        b - +0 scale mail
rPois   .            (no helmet)
rElec   .            (no cloak)
rCorr   .            (no gloves)
SInv    +            (no boots)
Will    .....        t - amulet of the Lizard {RegenMP rF+ Str+7 Dex-2 SInv} Stlth
                     (no ring)
HPRegen 0.30/turn    (no ring)
MPRegen 0.52/turn

%: no passive effects
@: corroded
A: runic magic, artefact enchanting
a: Renounce Religion


You were on level 6 of the Dungeon.
You worshipped Qazlal.
Qazlal was noncommittal.
You visited 2 branches of the dungeon, and saw 7 of its levels.
You also visited: Sewer.

You collected 371 gold pieces.

Inventory:

Hand Weapons
 a - a +0 war axe
 k - a +2 whip of venom (weapon)
 D - a +3 mace
 G - a +2 whip of pain
Armour
 b - a +0 scale mail (worn)
 c - a +0 buckler (worn)
 h - a +2 robe of cold resistance
 u - the +0 robe of Wefruwej {Will+ SInv}
   (You found it on level 3 of the Dungeon)

   Will+:     It increases your willpower.
   SInv:      It lets you see invisible.
 F - a +0 plate armour
 H - the +4 robe of Augmentation {Str+4 Int+4 Dex+4}
   (You found it on level 5 of the Dungeon)

   Str+4:     It affects your strength (+4).
   Int+4:     It affects your intelligence (+4).
   Dex+4:     It affects your dexterity (+4).
Jewellery
 r - an amulet of reflection
 t - the amulet of the Lizard (around neck) {RegenMP rF+ Str+7 Dex-2 SInv}
   (You found it on level 3 of the Dungeon)

   [amulet of magic regeneration]

   RegenMP:   It increases your rate of magic regeneration.
   Str+7:     It affects your strength (+7).
   Dex-2:     It affects your dexterity (-2).
   rF+:       It protects you from fire.
   SInv:      It lets you see invisible.
Wands
 y - a wand of iceblast (18)
 E - a wand of paralysis (11)
Scrolls
 g - a scroll of fear
 p - 4 scrolls of identify {unknown}
 q - 2 scrolls of fog {unknown}
 s - a scroll of teleportation {unknown}
 w - 3 scrolls of amnesia {unknown}
 x - 2 scrolls of blinking {unknown}
 A - 3 scrolls of immolation {unknown}
 C - a scroll of revelation
 I - 3 scrolls of torment {unknown}
Potions
 d - 2 potions of might
 e - 2 potions of lignification {unknown}
 f - 3 potions of magic {unknown}
 i - a potion of heal wounds {unknown}
 j - 4 potions of curing {unknown}
 l - a potion of cancellation {unknown}
 m - a potion of haste {unknown}
 n - a potion of attraction {unknown}
 o - 2 potions of mutation
 v - a potion of resistance {unknown}
 z - 3 potions of degeneration
 B - 2 potions of enlightenment


   Skills:
 + Level 5.3 Fighting
 + Level 5.0 Axes
 + Level 5.3 Armour
 + Level 2.6 Dodging
 - Level 3.2 Shields
 + Level 4.6 Invocations


You had 6 spell levels left.
You didn't know any spells.
Your spell library was empty.

Dungeon Overview and Level Annotations

Branches:
Dungeon (6/15)             Temple (1/1) D:5           Sewer (visited)

Altars:
Ashenzari
Cheibriados
Elyvilon
Hepliaklqana
Nemelex Xobeh
Qazlal
Ru
Sif Muna
Trog
Wu Jian
Xom
Yredelemnul
Zin
The Shining One

Annotations:
D:3 3 runed translucent doors, Ozzieoiler's ghost, amateur DjCA
D:6 Dowan; Duvessa


Innate Abilities, Weirdness & Mutations

Your spellcasting is much less encumbered by armour.
You can use scrolls of enchantment on lesser artefacts.


Message History

The phantom hits you.
Dowan generates a fountain of clear water, and laughs cruelly.
Dowan completely misses you.
You hit the phantom.
The phantom is heavily damaged.
The phantom barely misses you. Dowan casts a spell at you.
The puff of frost hits you. The jelly attacks as it pursues you!
The jelly hits you. The acid corrodes you!
You are splashed with acid!
Okay, then.
The jelly attacks as it pursues you! The jelly hits you.
You are splashed with acid!
The jelly attacks as it pursues you! The jelly hits you but does no damage.
As you read the scroll of fear, it crumbles to dust.
You assume a fearsome visage.
Dowan looks frightened!
The phantom is unaffected.
The jelly looks frightened!
Dowan casts a spell.
Dowan blinks!
You whack Dowan!
Dowan is poisoned.
Your attack snaps Dowan out of his fear.
Dowan is moderately wounded.
Dowan hits you with a +0 dagger.
Cornered, the jelly turns to fight!
You miss Dowan.
Dowan is heavily wounded.
Dowan hits you with a +0 dagger. The jelly hits you but does no damage.
You hit Dowan.
Dowan looks as sick as possible!
Dowan is heavily wounded.
Duvessa hits you with a +0 short sword. Dowan barely misses you.
You barely miss Duvessa. The jelly hits you. The acid corrodes you!
You are splashed with acid!
* * * LOW HITPOINT WARNING * * *
Duvessa closely misses you.
You hit Duvessa but do no damage.
Duvessa is poisoned.
Duvessa hits you with a +0 short sword!
* * * LOW HITPOINT WARNING * * *
Dowan hits you with a +0 dagger.
* * * LOW HITPOINT WARNING * * *
The jelly closely misses you. Duvessa hits you with a +0 short sword!
You die...

#.##.#.#
#.##.#.#
###.##.#.####
#...>.......###
#.#e......<...#
#.#....#.##.#.#
#W#.##.# .#
#J#"##.# .#
#@#.##.# .#
#ee...... ..
....##.## ##
####..... .....
...... .....
.....


You could see Duvessa (fast, very poisoned), a phantom, Dowan (extremely
poisoned) and a jelly.

Vanquished Creatures
  A phantom (D:5)
  A brain worm (Sewer)
  A scorpion (D:4)
  3 hounds
  3 orc wizards
  2 iguanas (D:5)
  10 gnolls
  6 adders
  2 river rats
  3 ribbon worms
  4 dart slugs
  15 orcs
  9 bats
  8 endoplasms
  6 giant cockroaches
  8 goblins
  4 hobgoblins
  A jackal (Sewer)
  6 kobolds
  7 quokkas
  10 ball pythons
  6 frilled lizards
  7 rats
123 creatures vanquished.

Notes
Turn   | Place    | Note
-------+----------+-------------------------------------------
     0 | D:1      | Nithhogg the Mountain Dwarf Fighter began the quest for the
                  | Orb.
     0 | D:1      | Reached XP level 1. HP: 19/19 MP: 1/1
   160 | D:1      | Reached XP level 2. HP: 25/26 MP: 2/2
   179 | D:1      | Reached skill level 1 in Invocations
   393 | D:1      | Reached XP level 3. HP: 31/31 MP: 4/4
  1102 | D:2      | Reached skill level 1 in Dodging
  1220 | D:2      | Reached XP level 4. HP: 40/40 MP: 5/5
  1509 | D:3      | Found an ornate altar of the Wu Jian Council.
  1645 | D:3      | Reached XP level 5. HP: 39/46 MP: 6/6
  1722 | D:3      | Identified the amulet of the Lizard {RegenMP rF+ Str+7
                  | Dex-2 SInv}
  1744 | D:3      | Identified the +0 robe of Wefruwej {Will+ SInv}
  1782 | D:3      | Found a runed translucent gate.
  1782 | D:3      | Found a runed translucent gate.
  1782 | D:3      | Found a runed translucent gate.
  1783 | D:3      | Noticed Ozzieoiler's ghost (amateur DjCA)
  2368 | D:4      | Reached XP level 6. HP: 53/53 MP: 8/8
  2622 | D:4      | Found a snail-covered altar of Cheibriados.
  2676 | D:4      | Found a broken altar of Ashenzari.
  2679 | D:4      | Found a bloodstained altar of Trog.
  3255 | D:5      | Entered Level 5 of the Dungeon
  3366 | D:5      | Found a glowing drain.
  3375 | Sewer    | Entered a sewer
  3623 | Sewer    | Reached XP level 7. HP: 53/60 MP: 8/10
  3776 | Sewer    | Reached skill level 5 in Fighting
  4160 | D:5      | Reached skill level 5 in Armour
  4521 | D:5      | Reached skill level 5 in Axes
  4688 | D:5      | Found a staircase to the Ecumenical Temple.
  4762 | D:5      | Found the +4 robe of Augmentation {Str+4 Int+4 Dex+4}
  5084 | Temple   | Entered the Ecumenical Temple
  5091 | Temple   | Became a worshipper of Qazlal Stormbringer
  5136 | D:6      | Noticed Dowan
  5142 | D:6      | Noticed Duvessa
  5156 | D:6      | HP: 1/61 [Dowan/+0 dagger (3)]
  5156 | D:6      | Mangled by Duvessa

Illustrated notes

Levels and vault maps discovered:
D:1:      dpeg_arrival_rooms_b, layout_basic
D:2:      layout_basic
D:3:      layout_loops_cross, nzn_wu_jian_contemplation,
          gammafunk_ghost_nasty_kobolds
D:4:      layout_loops_corners, nicolae_overflow_crystal_walls,
          nicolae_overflow_squiral, glass_columns_b
D:5:      layout_basic, minmay_temple_entry_waves, portal_sewer_entry_e,
          chequers_serial_rivers_micro_b
D:6:      kennysheep_windowed_halls, layout_loops_ring,
          mainiacjoe_overflow_alcove_2, serial_bayou_lagoon_b, uniq_duvessa,
          uniq_jeremiah
Temple:   nicolae_temple_ecumenical_triangle

Skill      XL: |  1  2  3  4  5  6  7 |
---------------+----------------------+-----
Invocations    | 1 2 3 4 |  4.6
Axes           | 3 4 5 |  5.0
Dodging        | 1 2 |  2.6
Fighting       | 4 5 |  5.3
Armour         | 4 5 |  5.3
Shields        | |  3.2

Action                     |  1- 3 |  4- 6 |  7- 9 || total
---------------------------+-------+-------+-------++-------
  Melee: War axe           |    39 |       |       ||    39
         Whip              |    53 |   210 |   123 ||   386
    Use: Scroll            |       |     2 |     1 ||     3
 Armour: Scale mail        |    58 |   116 |   103 ||   277
  Dodge: Dodged            |    37 |    84 |    66 ||   187
  Block: Buckler           |    16 |    34 |    34 ||    84

Table legend: (Time is in decaauts)
 A = Elapsed time spent in this place.
 B = Non-inter-level travel time spent in this place.
 C = Inter-level travel time spent in this place.
 D = Time resting spent in this place.
 E = Time spent auto-exploring this place.
 F = Levels seen in this place.
 G = Mean time per level.
                   A        B        C        D        E       F      G
               +--------+--------+--------+--------+--------+-----+--------+
         Total |   5381 |   5134 |    247 |      0 |   4114 |   8 |  672.6 |
       Dungeon |   4434 |   4188 |    246 |      0 |   3442 |   6 |  739.0 |
        Temple |     14 |     14 |      0 |      0 |      0 |   1 |   14.0 |
         Sewer |    931 |    931 |      0 |      0 |    672 |   1 |  931.0 |
               +--------+--------+--------+--------+--------+-----+--------+

Top non-repeatable levels by time:
     D:5: 1135 daAuts
     D:4: 1105 daAuts
   Sewer: 931 daAuts
     D:3: 849 daAuts
     D:2: 673 daAuts
     D:1: 647 daAuts
     D:6: 23 daAuts
  Temple: 14 daAuts
